 Dungeon Crawl Stone Soup version 0.27-a0-1272-g7c8ad2e407 (webtiles) character file.

Game seed: 7932623417954741360

1688 Kinoniko the Cleaver (level 9, -10/70 HPs)
             Began as a Hill Orc Monk on June 11, 2021.
             Was a Follower of Qazlal.
             Mangled by a ten-headed hydra (12 damage)
             ... on level 6 of the Dungeon.
             The game lasted 00:07:09 (6630 turns).

Kinoniko the Cleaver (Hill Orc Monk)                Turns: 6630, Time: 00:07:10

Health: -10/70     AC: 10    Str: 17    XL:     9   Next: 2%
Magic:  12/15      EV:  4    Int: 15    God:    Qazlal [*.....]
Gold:   213        SH:  9    Dex: 13    Spells: 6/8 levels left

rFire    . . .     SeeInvis .   s - +10 hand axe of Certain Death {vorpal, Int+5}
rCold    . . .     Faith    .   j - +0 kite shield
rNeg     + . .     Spirit   .   d - +0 chain mail
rPois    .         Reflect  .   (no helmet)
rElec    .         Harm     .   i - +1 cloak
rCorr    .         Rampage  .   (no gloves)
Will     .....                  (no boots)
Stlth    ..........             (no amulet)
HPRegen  0.21/turn              g - ring of positive energy
MPRegen  0.14/turn              (no ring)

@: mighty, hasted, very quick
A: no striking features
a: Renounce Religion


You were on level 6 of the Dungeon.
You worshipped Qazlal.
Qazlal was aware of your devotion.
You visited 1 branch of the dungeon, and saw 6 of its levels.

You collected 213 gold pieces.

Inventory:

Hand Weapons
 k - a +1 war axe of protection
 s - the +10 hand axe of Certain Death (weapon) {vorpal, Int+5}
   (You found it on level 6 of the Dungeon)

   It inflicts extra damage upon your enemies.
   It affects your intelligence (+5).
Missiles
 b - a throwing net (quivered)
Armour
 d - a +0 chain mail (worn)
 i - a +1 cloak (worn)
 j - a +0 kite shield (worn)
 m - a +0 scale mail
Jewellery
 g - a ring of positive energy (left hand)
Wands
 q - a wand of acid (8)
 r - a wand of paralysis (9)
Scrolls
 a - a scroll of identify
 o - a scroll of teleportation
Potions
 c - a potion of brilliance
 f - a potion of curing {unknown}
 l - a potion of flight
 n - a potion of mutation {unknown}
 p - a potion of cancellation {unknown}


   Skills:
 - Level 3.6 Fighting
 * Level 11.8 Axes
 - Level 2.4 Dodging
 - Level 1.5 Stealth
 * Level 9.0 Invocations


You had 6 spell levels left.
You knew the following spells:

 Your Spells              Type           Power      Damage    Failure   Level
a - Wereblood             Tmut           0%         N/A       100%        2

Your spell library contained the following spells:

 Spells                   Type           Power      Damage    Failure   Level
 Animate Skeleton         Necr           0%         N/A       100%        1
 Beastly Appendage        Tmut           0%         N/A       100%        1
 Pain                     Necr           0%         1d4       100%        1
 Sandblast                Erth           0%         2d4       100%        1
 Passwall                 Tmut/Erth      0%         N/A       100%        2
 Spider Form              Tmut/Pois      0%         N/A       100%        3
 Stone Arrow              Conj/Erth      0%         3d7       100%        3
 Vampiric Draining        Necr           0%         2d6       100%        3
 Animate Dead             Necr           0%         N/A       100%        4
 Ice Form                 Ice/Tmut       0%         N/A       100%        4
 Petrify                  Tmut/Erth      0%         N/A       100%        4
 Agony                    Necr           0%         N/A       100%        5
 Lee's Rapid Deconstruct  Erth           0%         3d5*      100%        5


Dungeon Overview and Level Annotations

Branches:
Dungeon (6/15)             Temple (0/1) D:4

Altars:
Ashenzari
Fedhas
Nemelex Xobeh
Qazlal
Uskayaw
The Shining One

Shops:
D:4 :

Annotations:
D:5 2 transporters


Message History

You block the seven-headed hydra's attack.
The seven-headed hydra barely misses you.
The seven-headed hydra bites you! The seven-headed hydra bites you. x2
The seven-headed hydra bites you!
Unknown command.
You hack one of the seven-headed hydra's heads off!
The six-headed hydra grows two more!
You slash the eight-headed hydra!
The eight-headed hydra is heavily wounded.
The eight-headed hydra bites you!
The eight-headed hydra bites you but does no damage.
The eight-headed hydra bites you!
The eight-headed hydra barely misses you.
The eight-headed hydra bites you.
The eight-headed hydra bites you but does no damage.
You block the eight-headed hydra's attack. x2
You are too injured to fight recklessly!
Unknown command.
You are too injured to fight recklessly!
Unknown command.
You are too injured to fight recklessly!
Unknown command.
You are too injured to fight recklessly!
You are too injured to fight recklessly!
Unknown command.
You hack one of the eight-headed hydra's heads off!
The seven-headed hydra grows two more!
You slice the nine-headed hydra!!
The nine-headed hydra is heavily wounded.
You hack one of the nine-headed hydra's heads off!
The eight-headed hydra grows two more!
You slash the ten-headed hydra!
The ten-headed hydra is heavily wounded.
The ten-headed hydra bites you. x2
* * * LOW HITPOINT WARNING * * *
The ten-headed hydra bites you but does no damage.
The ten-headed hydra bites you.
* * * LOW HITPOINT WARNING * * *
The ten-headed hydra bites you!
* * * LOW HITPOINT WARNING * * *
The ten-headed hydra bites you but does no damage.
The ten-headed hydra bites you!
You die...

.......(.....##......#.....#.#
###.........###........##.##.#
...#...............#......##.#
##.................#.###..##.#
#...........###......# ##.##.#
..###...............## #.##.#
..# #.....#....####.### #.##.#
### #.##....##.ยง......#
#..#.##
#.#..(.###..@.....###..#..#
...##.# #...D..........#.# ..
............[.##.#.# ##
####.......(....#.#.#
#............#.#.##
#...........<#....#
#............##.#.##
###..........##.#..#
##........###..#<#


You could see a ten-headed hydra.

Vanquished Creatures
  Grinder (D:6)
  4 yaks (D:6)
  2 necrophages
  2 ogres (D:4)
  Blork the orc (D:4)
  A gnoll sergeant (D:5)
  2 wyvern skeletons
  A howler monkey (D:6)
  2 jellies (D:5)
  A hound (D:6)
  A centaur skeleton (D:6)
  Natasha (thrice) (D:4)
  3 adders
  3 gnolls (D:5)
  2 white imps
  An adder skeleton (D:5)
  A dart slug (D:5)
  6 orcs
  3 bats
  7 endoplasms
  4 giant cockroaches
  6 goblins
  6 hobgoblins
  3 jackals (D:2)
  10 kobolds
  3 quokkas
  8 ball pythons
  2 frilled lizards (D:1)
  3 rats
92 creatures vanquished.

Notes
Turn   | Place    | Note
-------+----------+-------------------------------------------
     0 | D:1      | Kinoniko the Hill Orc Monk began the quest for the Orb.
     0 | D:1      | Reached XP level 1. HP: 19/19 MP: 1/1
   231 | D:1      | Reached XP level 2. HP: 17/26 MP: 2/2
   439 | D:1      | Reached skill level 5 in Axes
   995 | D:2      | Reached XP level 3. HP: 25/31 MP: 3/3
  1312 | D:2      | Reached skill level 6 in Axes
  1486 | D:2      | Learned a level 2 spell: Wereblood
  1794 | D:2      | Reached XP level 4. HP: 31/39 MP: 4/4
  2046 | D:2      | Found a faded altar of an unknown god.
  3147 | D:4      | Noticed an ogre
  3158 | D:4      | Killed an ogre
  3159 | D:4      | Reached skill level 8 in Axes
  3159 | D:4      | Reached XP level 5. HP: 36/45 MP: 5/5
  3334 | D:4      | Found a broken altar of Ashenzari.
  3337 | D:4      | Found a blossoming altar of Fedhas.
  3338 | D:4      | Found a sparkling altar of Nemelex Xobeh.
  3338 | D:4      | Found a stormy altar of Qazlal.
  3340 | D:4      | Found a hide-covered altar of Uskayaw.
  3348 | D:4      | Became a worshipper of Qazlal Stormbringer
  3348 | D:4      | Reached * piety under Qazlal
  3348 | D:4      | Reached ** piety under Qazlal
  3405 | D:4      | Found a staircase to the Ecumenical Temple.
  3410 | D:4      | Noticed an ogre
  3416 | D:4      | Killed an ogre
  3417 | D:4      | Reached XP level 6. HP: 12/51 MP: 5/7
  3703 | D:4      | Found Qafy's Book Shop.
  3703 | D:4      | Noticed Natasha
  3711 | D:4      | Killed Natasha
  3787 | D:4      | Noticed Natasha
  3795 | D:4      | Killed Natasha
  3899 | D:4      | Noticed Blork the orc
  3919 | D:4      | Killed Blork the orc
  4081 | D:4      | Noticed Natasha
  4094 | D:4      | Killed Natasha
  4095 | D:4      | Reached skill level 9 in Axes
  4338 | D:4      | Found a glowing golden altar of the Shining One.
  4355 | D:4      | Noticed a necrophage
  4366 | D:4      | Killed a necrophage
  4367 | D:4      | Reached XP level 7. HP: 51/57 MP: 5/10
  4422 | D:5      | Entered Level 5 of the Dungeon
  4580 | D:5      | Found a transporter.
  4580 | D:5      | Found a transporter.
  4905 | D:5      | Reached skill level 5 in Invocations
  5659 | D:5      | Reached skill level 10 in Axes
  5813 | D:6      | Noticed Grinder
  5814 | D:6      | Noticed a yak
  5815 | D:6      | Noticed a yak
  5816 | D:6      | Killed Grinder
  5816 | D:6      | Noticed a yak
  5817 | D:6      | Reached XP level 8. HP: 64/64 MP: 3/13
  5817 | D:6      | Noticed a yak
  5829 | D:6      | Killed a yak
  5841 | D:6      | Killed a yak
  5842 | D:6      | Reached skill level 11 in Axes
  5851 | D:6      | Killed a yak
  5862 | D:6      | Killed a yak
  6267 | D:6      | Reached XP level 9. HP: 70/70 MP: 15/15
  6284 | D:6      | Noticed a six-headed hydra
  6548 | D:6      | Identified the +10 hand axe of Certain Death {vorpal,
                  | Int+5}
  6630 | D:6      | HP: 2/70 [ten-headed hydra (9)]
  6630 | D:6      | Mangled by a ten-headed hydra

Illustrated notes

Levels and vault maps discovered:
D:1:      giann_horns, layout_rooms
D:2:      layout_loops_ring, shapermc_ecumenical_altar_mp_vishouse,
          minmay_pentomino_o2
D:3:      layout_loops_ring, nrook_loot_triangle
D:4:      layout_basic, tso_altar, minitemple, minmay_temple_entry_tees,
          serial_shops, shop, uniq_natasha, uniq_blork_the_orc
D:5:      gammafunk_wand_slinger, layout_basic, minmay_misc_feat_hallway,
          grunt_ministairs_4, abandoned_shop
D:6:      layout_rooms, minmay_misc_feat_five, uniq_grinder,
          uniq_crazy_yiuf_cottage

Skill      XL: |  1  2  3  4  5  6  7  8  9 |
---------------+----------------------------+-----
Axes           | 5 6 8 9 10 11 | 11.8
Invocations    | 2 4 6 8 9 |  9.0
Fighting       | |  3.6
Dodging        | |  2.4
Stealth        | |  1.5

Action                   |  1- 3 |  4- 6 |  7- 9 || total
-------------------------+-------+-------+-------++-------
Melee: Hand axe          |   128 |    13 |     4 ||   145
       War axe           |       |   118 |   104 ||   222
Invok: Upheaval          |       |     2 |     3 ||     5
  Use: Scroll            |       |     4 |     4 ||     8
       Potion            |       |       |     8 ||     8
 Stab: Sleeping          |     1 |       |       ||     1
Armor: Robe              |     5 |       |       ||     5
       Chain mail        |    54 |    15 |     5 ||    74
       Scale mail        |       |    37 |    38 ||    75
Dodge: Dodged            |    41 |    47 |    54 ||   142
Block: Other             |       |     8 |     6 ||    14
       Kite shield       |       |       |     3 ||     3

Table legend: (Time is in decaauts)
 A = Elapsed time spent in this place.
 B = Non-inter-level travel time spent in this place.
 C = Inter-level travel time spent in this place.
 D = Time resting spent in this place.
 E = Time spent auto-exploring this place.
 F = Levels seen in this place.
 G = Mean time per level.
                   A        B        C        D        E       F      G
               +--------+--------+--------+--------+--------+-----+--------+
         Total |   6629 |   6439 |    190 |   1348 |   4323 |   6 | 1104.8 |
       Dungeon |   6629 |   6439 |    190 |   1348 |   4323 |   6 | 1104.8 |
               +--------+--------+--------+--------+--------+-----+--------+

Top non-repeatable levels by time:
     D:4: 1448 daAuts
     D:5: 1239 daAuts
     D:2: 1197 daAuts
     D:3: 959 daAuts
     D:1: 953 daAuts
     D:6: 831 daAuts
